 Dungeon Crawl Stone Soup version 0.25-a0-310-g60f0ac2d9a (webtiles) character file.

Game seed: 5848766031537274625, levelgen mode: deterministic

45 Morrissey the Shooter (level 3, 0/29 HPs)
             Began as a Centaur Hunter on Dec 24, 2019.
             Slain by an adder (4 damage)
             ... on level 2 of the Dungeon.
             The game lasted 00:02:15 (1055 turns).

Morrissey the Shooter (Centaur Hunter)              Turns: 1055, Time: 00:02:16

Health: 0/29       AC:  4    Str: 14    XL:     3   Next: 42%
Magic:  3/3        EV:  9    Int: 10    God:
Gold:   65         SH:  0    Dex: 10    Spells: 2/2 levels left

rFire    . . .     SeeInvis .   b - +0 short sword
rCold    . . .     Gourm    .   (no shield)
rNeg     . . .     Faith    .   c - +0 leather armour
rPois    .         Spirit   .   (no helmet)
rElec    .         Reflect  .   (no cloak)
rCorr    .         Harm     .   (no gloves)
MR       .....     Rnd*Tele +   (no barding)
Stlth    +.........             (no amulet)
HPRegen  0.09/turn              i - ring of teleportation (curse)
MPRegen  0.08/turn              (no ring)

@: very quick
A: large, hooves 3, deformed body, speed 2, tough skin 3
a: no special abilities


You were on level 2 of the Dungeon.
You were not hungry.

You visited 1 branch of the dungeon, and saw 2 of its levels.

You collected 65 gold pieces.

Inventory:

Hand Weapons
 a - a +1 shortbow
 b - a +0 short sword (weapon)
Missiles
 d - 11 arrows
Armour
 c - a +0 leather armour (worn)
Jewellery
 i - a cursed ring of teleportation (left hand)
Potions
 e - a potion of cancellation {unknown}
 g - 2 potions of curing {unknown}
Comestibles
 f - 3 rations
 h - 5 chunks of flesh


   Skills:
 - Level 2.0 Fighting
 + Level 7.0 Bows
 - Level 1.3 Dodging
 - Level 0.4 Stealth


You had 2 spell levels left.
You didn't know any spells.
Your spell library was empty.

Dungeon Overview and Level Annotations

Branches:
Dungeon (2/15)

Altars:


Innate Abilities, Weirdness & Mutations

You have hooves in place of feet.
Armour fits poorly on your strangely shaped body.
You cover ground very quickly.
You have extremely tough skin. (AC +3)


Message History

You closely miss the adder.
The adder is lightly wounded.
The adder barely misses you.
You hit the adder. Your kick misses the adder.
The adder is severely wounded.
The adder bites you but does no damage. The adder barely misses you.
You completely miss the adder. Your kick misses the adder.
The adder is severely wounded.
The adder barely misses you.
You closely miss the adder.
The adder is severely wounded.
The adder bites you.
* * * LOW HITPOINT WARNING * * *
You barely miss the adder.
The adder is severely wounded.
The adder bites you but does no damage. The adder barely misses you.
You hit the adder but do no damage.
The adder is heavily wounded.
The adder bites you.
You die...

#..#'#.#..)..#.#
#.....#.....#.#
#.....#.....#.#
.....#...##...##.##
####...##.#####....
...............#.#
####..............
#######.....$..
#@###.### #S# # #.#
#.# #.. #.# ..# #..


You could see an adder.

Vanquished Creatures
  An adder (D:2)
  A leopard gecko (D:1)
  A giant cockroach (D:1)
  4 goblins
  9 hobgoblins
  4 kobolds
  5 bats
  3 frilled lizards
  5 rats
33 creatures vanquished.

Notes
Turn   | Place    | Note
-------+----------+-------------------------------------------
     0 | D:1      | Morrissey the Centaur Hunter began the quest for the Orb.
     0 | D:1      | Reached XP level 1. HP: 17/17 MP: 1/1
    29 | D:1      | Reached XP level 2. HP: 24/24 MP: 2/2
    32 | D:1      | Reached skill level 6 in Bows
   629 | D:2      | Reached XP level 3. HP: 24/29 MP: 3/3
  1022 | D:2      | Reached skill level 7 in Bows
  1055 | D:2      | Slain by an adder

Levels and vault maps discovered:
D:1:      dpeg_arrival_rooms_b, layout_basic, minmay_pentomino_z2
D:2:      layout_loops_ring, minmay_joined_circles, uniq_terence

Skill      XL: |  1  2  3 |
---------------+----------+-----
Bows           | 6 7 |  7.0
Fighting       | |  2.0
Dodging        | |  1.3
Stealth        | |  0.4

Action                   || total
-------------------------++-------
Melee: Short sword       ||    44
       Kick              ||     7
 Fire: Shortbow          ||    55
  Use: Scroll            ||     4
Armor: Leather armour    ||    28
Dodge: Dodged            ||    43

Table legend:
 A = Non-vault XP
 B = Vault XP
 C = Vault XP percentage of total XP
 D = Non-vault monster count
 E = Vault monster count
 F = Vault count percentage of total count
                 A         B        C        D         E       F
            +---------+---------+-------+---------+---------+-------
      Total |      50 |      15 |  23.1 |      23 |      10 |  30.3
            +---------+---------+-------+---------+---------+-------
        D:1 |      34 |       3 |   8.1 |      20 |       2 |   9.1
        D:2 |      16 |      12 |  42.9 |       3 |       8 |  72.7
            +---------+---------+-------+---------+---------+-------
